2966 views
Uploaded 2020-03-12 20:36:13
Game version 1.32.2
27:43 long 1on1on1on1 ladder game on (8)TwilightRuins_LV
Saved by TALONSARIMBA
2966 views
Uploaded 2020-03-12 20:36:13
Game version 1.32.2
27:43 long 1on1on1on1 ladder game on (8)TwilightRuins_LV

/ 0k
2 buildings @ 0.4k
/ 0.1k
| Wisp | 7 | 420 | / | 0 |
| total: | 7 | 420g | / | 0w |
| Altar of Elders | 1 | 180 | / | 50 |
| Moon Well | 1 | 180 | / | 40 |
| total: | 2 | 360g | / | 90w |
| 0:04 | Wisp |
| 0:07 | Altar of Elders |
| 0:16 | Wisp |
| 0:20 | Moon Well |
| 0:31 | Wisp |
| 0:31 | Wisp |
| 0:49 | Wisp |
| 0:58 | Wisp |
| 0:58 | Wisp |
| Right click | 33 |
| Select | 20 |
| Build/train/purchase | 7 |
| Select group | 2 |
| Assign group | 1 |
49 units @ 6.4k
/ 0.8k
26 buildings @ 4.2k
/ 1.8k


| Healing Salve | 1 | 100 |
| Potion of Healing | 1 | 150 |
| total: | 2 | 250g |
| Peon | 12 | 900 | / | 0 |
| Grunt | 2 | 400 | / | 0 |
| Troll Headhunter | 10 | 1400 | / | 200 |
| Troll Berserker | 14 | 1960 | / | 280 |
| Troll Witch Doctor | 4 | 580 | / | 100 |
| Shaman | 5 | 650 | / | 100 |
| Troll Batrider | 1 | 160 | / | 40 |
| Goblin Shredder | 1 | 375 | / | 100 |
| total: | 49 | 6425g | / | 820w |
| Watch Tower | 5 | 550 | / | 400 |
| Altar of Storms | 3 | 540 | / | 150 |
| Orc Burrow | 8 | 1280 | / | 320 |
| Barracks | 3 | 540 | / | 150 |
| War Mill | 1 | 205 | / | 0 |
| Voodoo Lounge | 1 | 130 | / | 30 |
| Great Hall | 1 | 385 | / | 185 |
| Spirit Lodge | 2 | 300 | / | 300 |
| Beastiary | 2 | 290 | / | 280 |
| Stronghold | 1 | 315 | / | 190 |
| Fortress | 1 | 325 | / | 190 |
| total: | 26 | 4220g | / | 1815w |
| 0:04 | Peon |
| 0:04 | Peon |
| 0:08 | Altar of Storms |
| 0:10 | Altar of Storms |
| 0:22 | Orc Burrow |
| 0:27 | Peon |
| 0:37 | Peon |
| 0:46 | Barracks |
| 0:57 | Peon |
| 1:06 | Peon |
| 1:26 | Peon |
| 1:35 | Peon |
| 1:42 | Orc Burrow |
| 1:44 | Peon |
| 1:52 | Peon |
| 1:59 | Peon |
| 2:07 | War Mill |
| 2:16 | Peon |
| 2:28 | Endurance Aura |
| 2:34 | Grunt |
| 2:49 | Voodoo Lounge |
| 3:02 | Grunt |
| 3:36 | Troll Headhunter |
| 3:51 | Stronghold |
| 4:00 | Troll Headhunter |
| 4:27 | Orc Burrow |
| 4:40 | Steel Ranged Weapons |
| 5:08 | Shockwave |
| 5:24 | Barracks |
| 5:26 | Troll Headhunter |
| 5:41 | Troll Headhunter |
| 5:43 | Spiked Barricades |
| 5:49 | Healing Salve |
| 6:01 | Watch Tower |
| 6:07 | Watch Tower |
| 6:08 | Troll Headhunter |
| 7:10 | Thorium Ranged Weapons |
| 7:55 | Endurance Aura |
| 8:05 | Healing Wave |
| 8:14 | Orc Burrow |
| 8:17 | Watch Tower |
| 8:20 | Watch Tower |
| 8:24 | Troll Regeneration |
| 8:27 | Fortress |
| 8:33 | Reinforced Defenses |
| 9:36 | Troll Headhunter |
| 9:40 | Watch Tower |
| 10:13 | Hex |
| 10:31 | Troll Headhunter |
| 10:34 | Steel Armor |
| 10:46 | Spirit Lodge |
| 10:52 | Berserker Upgrade |
| 10:54 | Troll Headhunter |
| 11:13 | Troll Headhunter |
| 11:20 | Troll Headhunter |
| 11:37 | Troll Berserker |
| 12:01 | Troll Berserker |
| 12:01 | Troll Berserker |
| 12:18 | Arcanite Ranged Weapons |
| 12:40 | Witch Doctor Adept Training |
| 12:46 | Spirit Lodge |
| 13:06 | War Stomp |
| 13:25 | Orc Burrow |
| 13:55 | Witch Doctor Master Training |
| 13:58 | Thorium Armor |
| 14:26 | Shaman Adept Training |
| 15:20 | Healing Wave |
| 15:38 | Great Hall |
| 16:30 | Goblin Shredder |
| 16:45 | Troll Witch Doctor |
| 17:48 | Shaman Master Training |
| 17:49 | Troll Witch Doctor |
| 17:51 | Troll Berserker |
| 18:02 | Troll Witch Doctor |
| 18:25 | Shaman |
| 18:26 | Troll Witch Doctor |
| 18:28 | Troll Berserker |
| 19:19 | Endurance Aura |
| 19:41 | Orc Burrow |
| 19:52 | Hex |
| 20:30 | Beastiary |
| 20:34 | Beastiary |
| 20:36 | Orc Burrow |
| 20:39 | Shaman |
| 20:39 | Shaman |
| 20:46 | Barracks |
| 20:51 | Pillage |
| 20:54 | Shaman |
| 21:03 | Troll Berserker |
| 21:09 | Shaman |
| 21:17 | Troll Berserker |
| 21:20 | Arcanite Armor |
| 21:31 | Orc Burrow |
| 21:43 | Troll Berserker |
| 21:58 | Potion of Healing |
| 23:19 | Troll Berserker |
| 23:48 | Troll Berserker |
| 23:57 | Troll Berserker |
| 24:08 | Troll Berserker |
| 24:40 | Troll Berserker |
| 24:54 | Altar of Storms |
| 24:57 | Troll Batrider |
| 25:45 | Troll Berserker |
| Right click | 1206 |
| Select | 511 |
| Select group | 387 |
| Misc. action | 370 |
| Build/train/purchase | 94 |
| Chat | 50 |
| Use ability | 41 |
| Assign group | 35 |
| Item give/drop | 6 |
| Remove unit | 5 |
42 units @ 7.1k
/ 1.1k
28 buildings @ 4.2k
/ 2.1k



| Healing Salve | 3 | 300 |
| Lesser Clarity Potion | 2 | 140 |
| Potion of Mana | 2 | 400 |
| Orb of Lightning | 1 | 375 |
| Tiny Great Hall | 1 | 600 |
| Scroll of Town Portal | 1 | 350 |
| Boots of Speed | 1 | 250 |
| total: | 11 | 2415g |
| Peon | 18 | 1350 | / | 0 |
| Grunt | 1 | 200 | / | 0 |
| Wind Rider | 9 | 2385 | / | 360 |
| Raider | 1 | 180 | / | 40 |
| Kodo Beast | 1 | 255 | / | 60 |
| Tauren | 4 | 1120 | / | 320 |
| Shaman | 5 | 650 | / | 100 |
| Goblin Shredder | 1 | 375 | / | 100 |
| Giant Sea Turtle | 2 | 590 | / | 70 |
| total: | 42 | 7105g | / | 1050w |
| Watch Tower | 11 | 1210 | / | 880 |
| Altar of Storms | 1 | 180 | / | 50 |
| Orc Burrow | 7 | 1120 | / | 280 |
| Barracks | 1 | 180 | / | 50 |
| War Mill | 2 | 410 | / | 0 |
| Voodoo Lounge | 1 | 130 | / | 30 |
| Great Hall | 1 | 385 | / | 185 |
| Beastiary | 2 | 290 | / | 280 |
| Spirit Lodge | 1 | 150 | / | 150 |
| Tauren Totem | 1 | 135 | / | 155 |
| Stronghold | 1 | 315 | / | 190 |
| Fortress | 1 | 325 | / | 190 |
| total: | 28 | 4190g | / | 2060w |
| 0:04 | Altar of Storms |
| 0:06 | Orc Burrow |
| 0:07 | Peon |
| 0:23 | Barracks |
| 0:32 | Peon |
| 0:33 | Peon |
| 0:48 | Peon |
| 1:05 | Peon |
| 1:22 | Peon |
| 1:25 | Grunt |
| 1:41 | Peon |
| 1:44 | Peon |
| 2:06 | Wind Walk |
| 2:15 | War Mill |
| 2:41 | Stronghold |
| 2:52 | Orc Burrow |
| 3:02 | Voodoo Lounge |
| 3:32 | Critical Strike |
| 3:43 | Orc Burrow |
| 3:45 | Giant Sea Turtle |
| 4:08 | Healing Salve |
| 5:01 | Goblin Shredder |
| 5:08 | Critical Strike |
| 5:30 | Beastiary |
| 5:34 | Beastiary |
| 6:05 | Fortress |
| 6:12 | Hex |
| 6:41 | Wind Rider |
| 6:45 | Ensnare |
| 6:49 | Healing Salve |
| 7:05 | Wind Rider |
| 7:19 | Orc Burrow |
| 8:00 | Healing Wave |
| 8:07 | Great Hall |
| 8:18 | Giant Sea Turtle |
| 9:03 | Envenomed Spears |
| 9:39 | Raider |
| 9:48 | Wind Walk |
| 10:10 | Wind Rider |
| 10:33 | Healing Salve |
| 10:39 | Lesser Clarity Potion |
| 10:47 | Peon |
| 10:47 | Peon |
| 10:47 | Peon |
| 10:48 | Peon |
| 10:48 | Peon |
| 10:57 | Reinforced Defenses |
| 11:23 | Hex |
| 11:43 | Boots of Speed |
| 11:59 | Watch Tower |
| 12:00 | Watch Tower |
| 12:03 | Spirit Lodge |
| 12:49 | Watch Tower |
| 12:50 | Watch Tower |
| 12:57 | Wind Rider |
| 13:09 | War Stomp |
| 13:21 | Kodo Beast |
| 13:25 | Orc Burrow |
| 13:26 | Shaman Adept Training |
| 14:04 | Steel Ranged Weapons |
| 14:30 | Shaman Master Training |
| 14:54 | Tauren Totem |
| 15:17 | Endurance Aura |
| 15:43 | Wind Rider |
| 16:00 | Critical Strike |
| 16:16 | Healing Wave |
| 16:18 | Watch Tower |
| 16:18 | Watch Tower |
| 16:35 | War Stomp |
| 16:49 | Pulverize |
| 17:40 | Tauren |
| 17:42 | Shaman |
| 17:42 | Shaman |
| 17:52 | Wind Rider |
| 17:55 | Scroll of Town Portal |
| 17:59 | Potion of Mana |
| 17:59 | Potion of Mana |
| 18:01 | Lesser Clarity Potion |
| 18:14 | Orb of Lightning |
| 18:24 | Tauren |
| 18:29 | Orc Burrow |
| 18:32 | Watch Tower |
| 18:33 | Watch Tower |
| 18:40 | Tiny Great Hall |
| 18:48 | Orc Burrow |
| 19:50 | Tauren |
| 19:53 | Shaman |
| 20:01 | Watch Tower |
| 20:02 | Watch Tower |
| 20:30 | Steel Armor |
| 20:44 | Peon |
| 20:44 | Peon |
| 20:45 | Peon |
| 20:45 | Peon |
| 20:45 | Peon |
| 21:08 | War Mill |
| 21:20 | Tauren |
| 22:11 | Watch Tower |
| 23:12 | Wind Rider |
| 23:16 | Hex |
| 23:52 | Bladestorm |
| 23:58 | Wind Rider |
| 23:59 | Thorium Ranged Weapons |
| 24:00 | Thorium Armor |
| 24:03 | Spirit Walker Adept Training |
| 24:47 | Wind Rider |
| 24:51 | Shaman |
| 24:51 | Shaman |
| 25:44 | War Stomp |
| 26:02 | Big Bad Voodoo |
| 27:14 | Endurance Aura |
| Right click | 2005 |
| Select | 985 |
| Select group | 913 |
| Misc. action | 214 |
| Build/train/purchase | 143 |
| Chat | 99 |
| Use ability | 70 |
| Assign group | 29 |
| Item give/drop | 11 |
| Esc | 4 |
/ 0.3k
11 buildings @ 2.5k
/ 1k


| Wisp | 11 | 660 | / | 0 |
| Archer | 16 | 2080 | / | 160 |
| Goblin Shredder | 1 | 375 | / | 100 |
| total: | 28 | 3115g | / | 260w |
| Altar of Elders | 1 | 180 | / | 50 |
| Ancient of War | 1 | 150 | / | 60 |
| Moon Well | 5 | 900 | / | 200 |
| Hunter's Hall | 1 | 210 | / | 100 |
| Tree of Life | 3 | 1020 | / | 555 |
| Tree of Ages | 1 | 320 | / | 180 |
| Tree of Eternity | 1 | 330 | / | 200 |
| total: | 11 | 2460g | / | 965w |
| 0:06 | Altar of Elders |
| 0:12 | Ancient of War |
| 0:14 | Wisp |
| 0:14 | Wisp |
| 0:14 | Wisp |
| 0:52 | Wisp |
| 0:52 | Wisp |
| 0:52 | Wisp |
| 0:52 | Wisp |
| 1:11 | Moon Well |
| 1:29 | Moon Well |
| 2:06 | Moon Well |
| 2:11 | Archer |
| 2:11 | Archer |
| 2:45 | Archer |
| 2:45 | Archer |
| 2:50 | Archer |
| 3:12 | Hunter's Hall |
| 3:34 | Archer |
| 3:42 | Evasion |
| 4:08 | Archer |
| 4:08 | Archer |
| 5:07 | Archer |
| 5:08 | Archer |
| 5:08 | Archer |
| 5:22 | Tree of Ages |
| 5:24 | Strength of the Moon |
| 5:49 | Mana Burn |
| 6:21 | Sentinel |
| 6:44 | Strength of the Wild |
| 6:44 | Ultravision |
| 7:35 | Immolation |
| 8:02 | Moon Well |
| 8:37 | Tree of Eternity |
| 9:36 | Tree of Life |
| 9:43 | Wisp |
| 9:49 | Wisp |
| 9:49 | Wisp |
| 9:49 | Wisp |
| 10:21 | Tree of Life |
| 10:32 | Reinforced Hides |
| 10:32 | Moon Armor |
| 11:10 | Goblin Shredder |
| 12:47 | Trueshot Aura |
| 12:51 | Immolation |
| 13:23 | Moon Glaive |
| 13:28 | Improved Bows |
| 13:53 | Moon Well |
| 14:06 | Tree of Life |
| 14:26 | Archer |
| 14:27 | Archer |
| 14:27 | Archer |
| 14:27 | Archer |
| 14:27 | Archer |
| Right click | 282 |
| Select | 138 |
| Select group | 80 |
| Build/train/purchase | 52 |
| Assign group | 6 |
| Remove unit | 5 |
| Use ability | 1 |
⇛